 Dungeon Crawl Stone Soup version 0.13-a0-2519-g3c5fe84 (webtiles) character file.

63 Rycklaryybbe the Caller (level 2, -1/15 HPs)
             Began as a Kobold Summoner on July 24, 2013.
             Was an Initiate of Nemelex Xobeh.
             Slain by an adder (3 damage)
             ... on Level 2 of the Dungeon.
             The game lasted 00:04:48 (1010 turns).

Rycklaryybbe the Caller (Kobold Summoner)           Turns: 1010, Time: 00:04:49

HP  -1/15        AC  2     Str  7      XL: 2   Next: 75%
MP   1/4         EV 15     Int 13      God: Nemelex Xobeh [......]
Gold 47          SH  0     Dex 15      Spells:  2 memorised,  0 levels left

Res.Fire  : . . .   See Invis. : .   d - +0 mace
Res.Cold  : . . .   Warding    : .   k - +0 robe
Life Prot.: . . .   Conserve   : .   (no shield)
Res.Poison: .       Res.Corr.  : .   (no helmet)
Res.Elec. : .       Clarity    : .   (no cloak)
Sust.Abil.: . .     Spirit.Shd : .   (no gloves)
Res.Mut.  : .       Stasis     : .   (no boots)
Res.Rott. : .       Flight     : .   (no amulet)
Saprovore : + + .                    (no ring)
                                     (no ring)

@: mildly poisoned, not resistant to hostile enchantments, stealthy
A: disease resistance, carnivore 3, saprovore 2
a: Renounce Religion


You were on level 2 of the Dungeon.
You worshipped Nemelex Xobeh.
Nemelex Xobeh was noncommittal.
You were not hungry.

You visited 1 branch of the dungeon, and saw 2 of its levels.

You collected 27 gold pieces.

Inventory:

Hand weapons
 d - a +0,+0 mace (weapon)
Missiles
 g - 4 steel darts (quivered)
Armour
 a - a +0 robe
 h - a +0 leather armour
 k - a +0 robe (worn)
Comestibles
 c - 2 meat rations
Scrolls
 f - 2 scrolls of blinking {unknown}
 j - a scroll of curse jewellery {unknown}
 l - a scroll of enchant armour {unknown}
Books
 b - a book of Callings

   Spells                             Type                      Level
   *Summon Small Mammal               Summoning                    1
   *Call Imp                          Summoning                    2
   Call Canine Familiar               Summoning                    3
   Summon Scorpions                   Summoning/Poison             4
   Summon Ice Beast                   Ice/Summoning                4
Miscellaneous
 e - a plain deck of summonings
 m - a plain deck of wonders


   Skills:
 - Level 2.4 Dodging
 - Level 2.6 Stealth
 - Level 1.0 Spellcasting
 + Level 4.6 Summonings


You couldn't memorise any spells.
You knew the following spells:

 Your Spells              Type           Power        Failure   Level  Hunger
a - Summon Small Mammal   Summ           ##..         6%          1    ##.....
b - Call Imp              Summ           ##........   10%         2    ###....


Dungeon Overview and Level Annotations

Branches:
Dungeon (2/27)

Altars:
Nemelex Xobeh


Innate Abilities, Weirdness & Mutations

You recuperate from illness quickly.
You are small and have problems with some larger weapons.
You are carnivorous and can eat meat at any time.
You can eat rotten meat.


Message History

* * * LOW HITPOINT WARNING * * *
You are poisoned.
The adder poisons you!
Your magical contamination has completely faded away.
Drink which item? (? for menu, Esc to quit)
You feel much better.
It was a potion of heal wounds.
The adder bites you. The adder bites you.
Your crimson imp hits the kobold.
You completely miss the adder.
You feel sick.
The kobold barely misses your crimson imp.
The adder bites you.
Your crimson imp closely misses the kobold.
The kobold closely misses your crimson imp.
The adder misses you.
Your crimson imp hits the kobold.
The kobold dies!
You closely miss the adder. The adder bites you.
* * * LOW HITPOINT WARNING * * *
The adder bites you.
You die...
Your body disappears without a glow.

##... #..##>#.####.####
###....##..##............
.........................
#...................##
#........###.#.#.....#
##..........5........#
##...######.##......# ..
#... ###.S.#.....#####...
##.. #...@.####..........
................%.........
.....##....####.....######
..... ####.# #.....# ....
#.# #.....# . #.# ##.####
#.####...####
#.##........######
#.##..........#)..


You could see an adder and a friendly crimson imp.

Vanquished Creatures
  2 bats
  A giant cockroach (D:2)
  A hobgoblin (D:1)
  A kobold (D:1)
  3 rats
8 creatures vanquished.

Vanquished Creatures (collateral kills)
  An adder (D:2)
  A giant gecko (D:1)
  A hobgoblin (D:1)
  A kobold (D:2)
4 creatures vanquished.

Vanquished Creatures (others)
  2 bats (D:1)
  2 rats
4 creatures vanquished.

Grand Total: 16 creatures vanquished

Notes
Turn   | Place    | Note
--------------------------------------------------------------
     0 | D:1      | Rycklaryybbe, the Kobold Summoner, began the quest for the Orb.
     0 | D:1      | Reached XP level 1. HP: 10/10 MP: 3/3
    25 | D:1      | Found a sparkling altar of Nemelex Xobeh.
    39 | D:1      | Became a worshipper of Nemelex Xobeh
   684 | D:1      | Reached XP level 2. HP: 10/15 MP: 4/4
   688 | D:1      | Learned a level 2 spell: Call Imp
   940 | D:2      | Received a gift from Nemelex Xobeh
  1010 | D:2      | Slain by an adder

Action                   || total
-------------------------++-------
Melee: Mace              ||    44
 Cast: Summon Small Mamm ||     8
       Call Imp          ||     3
  Use: Potion            ||     1
 Stab: Sleeping          ||     3
